Avalanche vs Bruins

Created - 23 janvier 2018 at 22:17

Goals
1 2 3 T
Avalanche 0 1 0 1
Bruins 1 0 1 2
Shots
1 2 3 T
Avalanche 5 11 7 23
Bruins 5 7 12 24

1st period

1. Bruins , Andrew Copp 1 (Shea Weber 20, Melker Karlsson 3) at 14:31

Penalties :
No Penalty

2nd period

2. Avalanche , David Krejci 12 (Mats Zuccarello 31, Sami Vatanen 8) at 5:56

Penalties :
Tyson Barrie (COL) for Roughing (Minor) at 13:37

3rd period

3. Bruins , Patrice Bergeron 15 (Jake Muzzin 17, Corey Perry 22) at 19:53

Penalties :
Deryk Engelland (COL) for Holding (Minor) at 3:51, Torey Krug (BOS) for High sticking (Minor) at 6:40

Goalie Stats

Jake Allen (COL), 22 saves from 24 shots - (0.917), L, 16-16-0, 60:00 minutes
Carey Price (BOS), 22 saves from 23 shots - (0.957), W, 19-16-2, 60:00 minutes

Players Stats for Avalanche

Player Name              G  A  P  +/- PIM S  H  SB GA TA FO     MP     PP MP  PK MP  
------------------------------------------------------------------------------------
Alexander Steen          0  0  0   0  0   0  0  0  0  0  1/2    17:57   0:45   1:15 
Alexandre Burrows        0  0  0   0  0   2  1  0  0  0  0/2     9:07   0:00   2:43 
Brandon Carlo            0  0  0   0  0   0  0  1  0  0  0/0    19:30   0:19   1:36 
David Krejci             1  0  1  -1  0   6  1  0  0  0  10/20  18:29   0:45   0:17 
Derek Stepan             0  0  0   0  0   1  0  1  0  0  0/2    22:05   1:14   0:39 
Deryk Engelland          0  0  0  -1  2   1  2  2  0  0  0/0    17:12   0:00   0:45 
Dylan Larkin             0  0  0   0  0   0  1  0  0  0  1/2    15:50   0:00   0:35 
Jaccob Slavin            0  0  0   0  0   2  0  0  0  0  0/0    18:26   1:06   1:56 
Kevin Shattenkirk        0  0  0   0  0   1  1  1  0  0  0/0    21:40   1:06   1:37 
Martin Hanzal            0  0  0   0  0   1  3  0  0  0  8/16   16:45   1:14   0:00 
Mats Zuccarello          0  1  1  -1  0   1  2  0  0  0  0/0    18:12   0:45   0:00 
Matt Cullen              0  0  0   0  0   1  0  1  0  0  8/14    8:17   0:00   2:27 
Max Domi                 0  0  0  -1  0   2  0  0  0  0  0/1    17:20   0:00   0:00 
Mitch Marner             0  0  0   0  0   1  0  0  0  0  0/2    16:45   1:14   0:00 
Sami Vatanen             0  1  1   0  0   0  1  3  0  0  0/0    17:21   0:00   0:00 
Tomas Hertl              0  0  0   0  0   2  1  0  0  0  6/11   15:15   0:00   0:00 
Tyson Barrie             0  0  0   0  2   2  0  0  0  0  0/0     6:39   0:53   0:00 
Zach Werenski            0  0  0  -1  0   0  0  0  0  0  0/0    19:10   0:34   2:02 

Players Stats for Bruins

Player Name              G  A  P  +/- PIM S  H  SB GA TA FO     MP     PP MP  PK MP  
------------------------------------------------------------------------------------
Andrew Copp              1  0  1   1  0   1  0  0  0  0  3/4     4:56   0:00   0:00 
Andrew Ladd              0  0  0   1  0   0  2  0  0  0  0/0    19:11   2:33   0:30 
Brendan Gallagher        0  0  0  -1  0   1  1  0  0  0  1/1    17:06   1:25   0:00 
Carl Soderberg           0  0  0   0  0   1  1  0  0  0  10/17  17:18   0:00   0:00 
Connor Brown             0  0  0   0  0   4  1  0  0  0  0/0    17:18   0:00   0:00 
Corey Perry              0  1  1   1  0   2  1  0  0  0  0/4    19:11   2:33   0:30 
Greg Pateryn             0  0  0   1  0   0  1  1  0  0  0/0     5:11   0:00   0:00 
Jake Guentzel            0  0  0   1  0   2  2  0  0  0  0/1    17:30   0:00   0:00 
Jake Muzzin              0  1  1   1  0   0  2  1  0  0  0/0    20:40   1:23   0:56 
Leon Draisaitl           0  0  0  -1  0   2  1  0  0  0  13/20  18:35   1:25   1:29 
Mark Streit              0  0  0   0  0   0  2  1  0  0  0/0    14:07   0:00   0:00 
Melker Karlsson          0  1  1   1  0   0  0  0  0  0  0/0     4:56   0:00   0:00 
Noah Hanifin             0  0  0   0  0   0  4  2  0  0  0/0    15:03   0:00   0:56 
P.K. Subban              0  0  0  -1  0   0  4  1  0  0  0/0    20:49   2:35   1:03 
Patrice Bergeron         1  0  1   1  0   7  1  0  0  0  11/23  24:07   2:33   1:29 
Ryan Spooner             0  0  0  -1  0   1  1  0  0  0  0/2    17:06   1:25   0:00 
Shea Weber               0  1  1   0  0   2  2  0  0  0  0/0    25:13   2:35   1:03 
Torey Krug               0  0  0   1  2   1  0  1  0  0  0/0    19:43   1:23   0:00 

3 Stars

1 - Patrice Bergeron (BOS)
2 - Andrew Copp (BOS)
3 - Carey Price (BOS)

Power Play

Avalanche - 0 on 1 Attempt(s) - 0.00%
Bruins - 0 on 2 Attempt(s) - 0.00%

Penalty Kill

Avalanche - 2 on 2 Attempt(s) - 100.00% - Score 0 goal in Penalty Kill
Bruins - 1 on 1 Attempt(s) - 100.00% - Score 0 goal in Penalty Kill

Team Stat

Avalanche - Hits : 13 - Faceoff Wins : 34 - Blocked Shots : 9 - Penalty Minutes : 4
Bruins - Hits : 26 - Faceoff Wins : 38 - Blocked Shots : 7 - Penalty Minutes : 2

Official

Referees : Wes McCauley and Dan O'Halloran
Linesman : Brian Mach and Kiel Murchison

Game Notes

No Game Note

Finance

Level 1 -- Attendance: 6011 (92.48%) -- Ticket Income 661 210 $
Level 2 -- Attendance: 5000 (100.00%) -- Ticket Income 375 000 $
Level 3 -- Attendance: 2997 (85.63%) -- Ticket Income 167 832 $
Level 4 -- Attendance: 1565 (100.00%) -- Ticket Income 62 600 $
Luxury Box -- Attendance: 1000 (100.00%) -- Ticket Income 199 000 $
Game was played at the TD Garden.
Total Attendance: 16573 (94.35%)
Total Ticket Income: 1 465 642 $
Other Income: 219 846 $
Total Income: 1 685 488 $

% Time on Ice - Avalanche

Lines # - Real PCT - Wanted PCT - Time Play
Normal Forward
1 - 32% - 32% - 17:21
2 - 29% - 30% - 15:31
3 - 28% - 28% - 15:15
4 - 11% - 10% - 5:50
Normal Defense
1 - 27% - 32% - 14:44
2 - 31% - 30% - 16:28
3 - 32% - 28% - 17:21
4 - 10% - 10% - 5:24
PP Forward
1 - 38% - 50% - 0:45
2 - 62% - 50% - 1:14
PP Defense
1 - 55% - 50% - 1:06
2 - 45% - 50% - 0:53
PK Forward
1 - 84% - 60% - 3:19
2 - 16% - 40% - 0:39
PK Defense
1 - 49% - 60% - 1:56
2 - 51% - 40% - 2:02
PK3 Forward
1 - 0% - 60%
2 - 0% - 40%
PK3 Defense
1 - 0% - 60%
2 - 0% - 40%
44 Forward
1 - 0% - 50%
2 - 0% - 50%
44 Defense
1 - 0% - 50%
2 - 0% - 50%
Last Minute Offensive  - 0:06
Last Minute Defensive  - 0:00
Total
Forward - 60:00
Defense - 60:00

% Time on Ice - Bruins

Lines # - Real PCT - Wanted PCT - Time Play
Normal Forward
1 - 30% - 40% - 16:02
2 - 29% - 30% - 15:41
3 - 32% - 20% - 17:18
4 - 9% - 10% - 4:56
Normal Defense
1 - 30% - 40% - 16:18
2 - 34% - 30% - 18:21
3 - 26% - 20% - 14:07
4 - 10% - 10% - 5:11
PP Forward
1 - 64% - 60% - 2:33
2 - 36% - 40% - 1:25
PP Defense
1 - 65% - 60% - 2:35
2 - 35% - 40% - 1:23
PK Forward
1 - 75% - 60% - 1:29
2 - 25% - 40% - 0:30
PK Defense
1 - 53% - 60% - 1:03
2 - 47% - 40% - 0:56
PK3 Forward
1 - 0% - 60%
2 - 0% - 40%
PK3 Defense
1 - 0% - 60%
2 - 0% - 40%
44 Forward
1 - 0% - 60%
2 - 0% - 40%
44 Defense
1 - 0% - 60%
2 - 0% - 40%
Last Minute Offensive  - 0:00
Last Minute Defensive  - 0:06
Total
Forward - 60:00
Defense - 60:00

Play by Play

1st period


0:01 of 1st period - Patrice Bergeron wins face-off versus David Krejci in neutral zone.
0:26 of 1st period - Shot by Mats Zuccarello.
0:26 of 1st period - Shot Misses the Net.
0:28 of 1st period - Shot by David Krejci.
0:28 of 1st period - Stopped by Carey Price without a rebound.
0:29 of 1st period - Leon Draisaitl wins face-off versus Mitch Marner in Bruins zone.
0:29 of 1st period - Torey Krug is hit by Martin Hanzal and loses puck.
1:51 of 1st period - Tomas Hertl is hit by Noah Hanifin.
2:03 of 1st period - Icing by Tyson Barrie.
2:04 of 1st period - David Krejci wins face-off versus Patrice Bergeron in Avalanche zone.
2:04 of 1st period - David Krejci is hit by Patrice Bergeron.
2:21 of 1st period - Icing by Tyson Barrie.
2:22 of 1st period - Andrew Copp wins face-off versus David Krejci in Avalanche zone.
2:29 of 1st period - Shot by Max Domi.
2:29 of 1st period - Deflect By Mats Zuccarello.
2:29 of 1st period - Shot Blocked by Greg Pateryn.
2:43 of 1st period - Shot by Max Domi.
2:43 of 1st period - Deflect By David Krejci.
2:43 of 1st period - Shot Misses the Net.
2:45 of 1st period - Shot by Tyson Barrie.
2:45 of 1st period - Stopped by Carey Price with a rebound.
2:47 of 1st period - Shot by David Krejci.
2:47 of 1st period - Stopped by Carey Price with a rebound.
3:21 of 1st period - Shot by Derek Stepan.
3:21 of 1st period - Shot Blocked by Noah Hanifin.
4:12 of 1st period - Icing by Torey Krug.
4:13 of 1st period - Alexander Steen wins face-off versus Leon Draisaitl in Bruins zone.
4:22 of 1st period - Shot by Mitch Marner.
4:22 of 1st period - Shot Blocked by Torey Krug.
5:32 of 1st period - Mats Zuccarello is hit by P.K. Subban and loses puck.
5:38 of 1st period - Icing by Shea Weber.
5:39 of 1st period - Patrice Bergeron wins face-off versus Tomas Hertl in Bruins zone.
5:39 of 1st period - Patrice Bergeron is hit by Tomas Hertl.
6:13 of 1st period - Shea Weber is hit by Dylan Larkin and loses puck.
6:38 of 1st period - Mitch Marner is hit by Connor Brown and loses puck.
6:46 of 1st period - Alexander Steen is hit by Mark Streit and loses puck.
7:23 of 1st period - Off-side.
7:24 of 1st period - Leon Draisaitl wins face-off versus Matt Cullen in neutral zone.
7:35 of 1st period - Shot by Brendan Gallagher.
7:35 of 1st period - Stopped by Jake Allen without a rebound.
7:36 of 1st period - Leon Draisaitl wins face-off versus David Krejci in Avalanche zone.
7:43 of 1st period - Shot by Torey Krug.
7:43 of 1st period - Shot Misses the Net.
8:54 of 1st period - Icing by Tomas Hertl.
8:55 of 1st period - Tomas Hertl wins face-off versus Carl Soderberg in Avalanche zone.
8:55 of 1st period - Tomas Hertl is hit by Jake Guentzel.
9:41 of 1st period - Shot by Alexander Steen.
9:41 of 1st period - Shot Misses the Net.
9:43 of 1st period - Shot by Kevin Shattenkirk.
9:43 of 1st period - Stopped by Carey Price without a rebound.
9:44 of 1st period - David Krejci wins face-off versus Patrice Bergeron in Bruins zone.
10:43 of 1st period - Icing by Zach Werenski.
10:44 of 1st period - Leon Draisaitl wins face-off versus Max Domi in Avalanche zone.
10:48 of 1st period - Icing by Deryk Engelland.
10:49 of 1st period - Carl Soderberg wins face-off versus David Krejci in Avalanche zone.
11:07 of 1st period - Off-side.
11:08 of 1st period - Dylan Larkin wins face-off versus Leon Draisaitl in neutral zone.
11:12 of 1st period - Off-side.
11:13 of 1st period - Tomas Hertl wins face-off versus Patrice Bergeron in neutral zone.
11:18 of 1st period - Shot by Dylan Larkin.
11:18 of 1st period - Shot Misses the Net.
11:36 of 1st period - Shot by Kevin Shattenkirk.
11:36 of 1st period - Shot Misses the Net.
11:50 of 1st period - Shot by Tomas Hertl.
11:50 of 1st period - Stopped by Carey Price without a rebound.
11:51 of 1st period - Leon Draisaitl wins face-off versus Martin Hanzal in Bruins zone.
13:52 of 1st period - Shot by Derek Stepan.
13:52 of 1st period - Shot Blocked by Mark Streit.
14:03 of 1st period - Patrice Bergeron is hit by Deryk Engelland and loses puck.
14:29 of 1st period - Shot by Andrew Copp.
14:29 of 1st period - Shot Blocked by Deryk Engelland.
14:31 of 1st period - Shot by Andrew Copp.
14:31 of 1st period - Goal by Andrew Copp - Avalanche : 0 - Bruins : 1.
14:32 of 1st period - Matt Cullen wins face-off versus Ryan Spooner in neutral zone.
15:24 of 1st period - David Krejci is hit by Shea Weber and loses puck.
15:45 of 1st period - Shot by Patrice Bergeron.
15:45 of 1st period - Stopped by Jake Allen without a rebound.
15:46 of 1st period - Carl Soderberg wins face-off versus Martin Hanzal in Avalanche zone.
16:08 of 1st period - Shot by Mark Streit.
16:08 of 1st period - Shot Misses the Net.
16:16 of 1st period - Shot by Jake Guentzel.
16:16 of 1st period - Shot Misses the Net.
16:47 of 1st period - Tomas Hertl is hit by Shea Weber.
16:49 of 1st period - Shot by Derek Stepan.
16:49 of 1st period - Shot Misses the Net.
17:19 of 1st period - Shot by Corey Perry.
17:19 of 1st period - Shot Misses the Net.
17:21 of 1st period - Shot by Corey Perry.
17:21 of 1st period - Deflect By Patrice Bergeron.
17:21 of 1st period - Shot Misses the Net.
17:38 of 1st period - Shot by Leon Draisaitl.
17:38 of 1st period - Shot Blocked by Deryk Engelland.
17:44 of 1st period - Shot by Leon Draisaitl.
17:44 of 1st period - Shot Misses the Net.
17:46 of 1st period - Shot by Leon Draisaitl.
17:46 of 1st period - Shot Misses the Net.
18:05 of 1st period - Icing by Jake Muzzin.
18:06 of 1st period - Leon Draisaitl wins face-off versus Martin Hanzal in Bruins zone.
18:15 of 1st period - Off-side.
18:16 of 1st period - Tomas Hertl wins face-off versus Carl Soderberg in neutral zone.
18:37 of 1st period - Shot by Connor Brown.
18:37 of 1st period - Stopped by Jake Allen without a rebound.
18:38 of 1st period - Patrice Bergeron wins face-off versus Martin Hanzal in Avalanche zone.
18:38 of 1st period - Corey Perry is hit by Kevin Shattenkirk and loses puck.
18:43 of 1st period - Shot by Patrice Bergeron.
18:43 of 1st period - Shot Misses the Net.
18:45 of 1st period - Shot by Patrice Bergeron.
18:45 of 1st period - Stopped by Jake Allen without a rebound.
18:46 of 1st period - Patrice Bergeron wins face-off versus Alexander Steen in Avalanche zone.
19:00 of 1st period - Off-side.
19:01 of 1st period - Carl Soderberg wins face-off versus Derek Stepan in neutral zone.
Goals for this period are 0 for Avalanche vs 1 for Bruins.
Shots for this period are 5 for Avalanche vs 5 for Bruins.

2nd period


0:01 of 2nd period - Patrice Bergeron wins face-off versus Martin Hanzal in neutral zone.
0:16 of 2nd period - Shot by Corey Perry.
0:16 of 2nd period - Stopped by Jake Allen without a rebound.
0:17 of 2nd period - Matt Cullen wins face-off versus Leon Draisaitl in Avalanche zone.
0:17 of 2nd period - Matt Cullen is hit by Ryan Spooner.
0:49 of 2nd period - Shot by Brendan Gallagher.
0:49 of 2nd period - Shot Blocked by Derek Stepan.
1:16 of 2nd period - Kevin Shattenkirk is hit by P.K. Subban and loses puck.
2:49 of 2nd period - Brandon Carlo is hit by Carl Soderberg and loses puck.
3:01 of 2nd period - Icing by Brandon Carlo.
3:02 of 2nd period - Leon Draisaitl wins face-off versus David Krejci in Avalanche zone.
3:11 of 2nd period - Mark Streit is hit by Mats Zuccarello and loses puck.
3:22 of 2nd period - Derek Stepan is hit by Brendan Gallagher and loses puck.
4:18 of 2nd period - Icing by Jaccob Slavin.
4:19 of 2nd period - Carl Soderberg wins face-off versus Tomas Hertl in Avalanche zone.
4:26 of 2nd period - Shot by Connor Brown.
4:26 of 2nd period - Stopped by Jake Allen without a rebound.
4:27 of 2nd period - Martin Hanzal wins face-off versus Carl Soderberg in Avalanche zone.
4:27 of 2nd period - Martin Hanzal is hit by Jake Guentzel.
4:42 of 2nd period - Shot by Martin Hanzal.
4:42 of 2nd period - Shot Misses the Net.
4:49 of 2nd period - Alexander Steen is hit by Jake Muzzin and loses puck.
4:57 of 2nd period - Alexander Steen is hit by Jake Muzzin and loses puck.
5:26 of 2nd period - Shot by Alexandre Burrows.
5:26 of 2nd period - Stopped by Carey Price without a rebound.
5:27 of 2nd period - Patrice Bergeron wins face-off versus David Krejci in Bruins zone.
5:27 of 2nd period - Patrice Bergeron is hit by Mats Zuccarello.
5:38 of 2nd period - Shot by Max Domi.
5:38 of 2nd period - Stopped by Carey Price without a rebound.
5:39 of 2nd period - David Krejci wins face-off versus Leon Draisaitl in Bruins zone.
5:56 of 2nd period - Shot by David Krejci.
5:56 of 2nd period - Goal by David Krejci - Avalanche : 1 - Bruins : 1.
5:57 of 2nd period - Tomas Hertl wins face-off versus Patrice Bergeron in neutral zone.
6:02 of 2nd period - Shot by Derek Stepan.
6:02 of 2nd period - Shot Misses the Net.
6:17 of 2nd period - Dylan Larkin is hit by Mark Streit and loses puck.
6:24 of 2nd period - Shot by Tomas Hertl.
6:24 of 2nd period - Deflect By Derek Stepan.
6:24 of 2nd period - Shot Blocked by Noah Hanifin.
6:26 of 2nd period - Shot by Dylan Larkin.
6:26 of 2nd period - Shot Misses the Net.
6:32 of 2nd period - Shot by Tomas Hertl.
6:32 of 2nd period - Stopped by Carey Price with a rebound.
6:49 of 2nd period - Mitch Marner is hit by Noah Hanifin.
7:07 of 2nd period - Icing by Leon Draisaitl.
7:08 of 2nd period - Leon Draisaitl wins face-off versus David Krejci in Bruins zone.
7:17 of 2nd period - Shot by Brendan Gallagher.
7:17 of 2nd period - Shot Blocked by Brandon Carlo.
7:19 of 2nd period - Shot by Shea Weber.
7:19 of 2nd period - Shot Misses the Net.
7:33 of 2nd period - Shot by Ryan Spooner.
7:33 of 2nd period - Shot Misses the Net.
7:35 of 2nd period - Shot by Shea Weber.
7:35 of 2nd period - Shot Blocked by Sami Vatanen.
7:37 of 2nd period - Shot by Shea Weber.
7:37 of 2nd period - Stopped by Jake Allen without a rebound.
7:38 of 2nd period - Matt Cullen wins face-off versus Carl Soderberg in Avalanche zone.
7:45 of 2nd period - Shot by Jake Guentzel.
7:45 of 2nd period - Shot Misses the Net.
7:47 of 2nd period - Shot by Jake Guentzel.
7:47 of 2nd period - Shot Misses the Net.
8:06 of 2nd period - Icing by Tyson Barrie.
8:07 of 2nd period - Andrew Copp wins face-off versus Matt Cullen in Avalanche zone.
8:23 of 2nd period - Off-side.
8:24 of 2nd period - Leon Draisaitl wins face-off versus Martin Hanzal in neutral zone.
10:54 of 2nd period - Shot by Tomas Hertl.
10:54 of 2nd period - Shot Misses the Net.
12:21 of 2nd period - Shot by Torey Krug.
12:21 of 2nd period - Shot Misses the Net.
12:47 of 2nd period - Shot by Matt Cullen.
12:47 of 2nd period - Shot Misses the Net.
12:49 of 2nd period - Shot by Tyson Barrie.
12:49 of 2nd period - Stopped by Carey Price without a rebound.
12:50 of 2nd period - Leon Draisaitl wins face-off versus Matt Cullen in Bruins zone.
12:59 of 2nd period - Tyson Barrie is hit by Leon Draisaitl and loses puck.
13:12 of 2nd period - Shot by Alexandre Burrows.
13:12 of 2nd period - Stopped by Carey Price with a rebound.
13:14 of 2nd period - Shot by Alexandre Burrows.
13:14 of 2nd period - Deflect By Matt Cullen.
13:14 of 2nd period - Stopped by Carey Price without a rebound.
13:15 of 2nd period - Carl Soderberg wins face-off versus Tomas Hertl in Bruins zone.
13:20 of 2nd period - Shot by Connor Brown.
13:20 of 2nd period - Stopped by Jake Allen without a rebound.
13:21 of 2nd period - Carl Soderberg wins face-off versus Tomas Hertl in Avalanche zone.
13:37 of 2nd period - Minor Penalty to Tyson Barrie for Roughing.
13:38 of 2nd period - Patrice Bergeron wins face-off versus Alexandre Burrows in Avalanche zone.
13:38 of 2nd period - Patrice Bergeron is hit by Deryk Engelland.
13:48 of 2nd period - Shot by Patrice Bergeron.
13:48 of 2nd period - Shot Blocked by Matt Cullen.
15:35 of 2nd period - Shot by Patrice Bergeron.
15:35 of 2nd period - Stopped by Jake Allen without a rebound.
15:36 of 2nd period - Brendan Gallagher wins face-off versus Matt Cullen in Avalanche zone.
15:45 of 2nd period - Shot by Carl Soderberg.
15:45 of 2nd period - Stopped by Jake Allen with a rebound.
15:47 of 2nd period - Shot by Carl Soderberg.
15:47 of 2nd period - Shot Misses the Net.
15:49 of 2nd period - Shot by Connor Brown.
15:49 of 2nd period - Stopped by Jake Allen without a rebound.
15:50 of 2nd period - Carl Soderberg wins face-off versus Dylan Larkin in Avalanche zone.
15:54 of 2nd period - Icing by Brandon Carlo.
15:55 of 2nd period - Tomas Hertl wins face-off versus Carl Soderberg in Avalanche zone.
16:12 of 2nd period - Shot by Derek Stepan.
16:12 of 2nd period - Stopped by Carey Price without a rebound.
16:13 of 2nd period - Leon Draisaitl wins face-off versus David Krejci in Bruins zone.
16:27 of 2nd period - Shot by David Krejci.
16:27 of 2nd period - Deflect By Mats Zuccarello.
16:27 of 2nd period - Stopped by Carey Price with a rebound.
16:42 of 2nd period - Shot by Max Domi.
16:42 of 2nd period - Deflect By David Krejci.
16:42 of 2nd period - Stopped by Carey Price without a rebound.
16:43 of 2nd period - Martin Hanzal wins face-off versus Patrice Bergeron in Bruins zone.
16:49 of 2nd period - Shot by Alexander Steen.
16:49 of 2nd period - Shot Misses the Net.
17:00 of 2nd period - Off-side.
17:01 of 2nd period - Carl Soderberg wins face-off versus Tomas Hertl in neutral zone.
17:36 of 2nd period - Shot by Jake Guentzel.
17:36 of 2nd period - Shot Misses the Net.
19:13 of 2nd period - Off-side.
19:14 of 2nd period - David Krejci wins face-off versus Carl Soderberg in neutral zone.
19:24 of 2nd period - Shot by P.K. Subban.
19:24 of 2nd period - Shot Blocked by Kevin Shattenkirk.
19:30 of 2nd period - Shot by Connor Brown.
19:30 of 2nd period - Shot Misses the Net.
19:43 of 2nd period - Off-side.
19:44 of 2nd period - Martin Hanzal wins face-off versus Patrice Bergeron in neutral zone.
19:47 of 2nd period - Shot by Zach Werenski.
19:47 of 2nd period - Shot Misses the Net.
19:49 of 2nd period - Shot by Deryk Engelland.
19:49 of 2nd period - Stopped by Carey Price with a rebound.
19:51 of 2nd period - Shot by Alexander Steen.
19:51 of 2nd period - Shot Misses the Net.
19:53 of 2nd period - Shot by Zach Werenski.
19:53 of 2nd period - Shot Misses the Net.
Goals for this period are 1 for Avalanche vs 0 for Bruins.
Shots for this period are 11 for Avalanche vs 7 for Bruins.

3rd period


0:01 of 3rd period - Martin Hanzal wins face-off versus Patrice Bergeron in neutral zone.
0:04 of 3rd period - Shea Weber is hit by Martin Hanzal and loses puck.
0:15 of 3rd period - Shot by Corey Perry.
0:15 of 3rd period - Stopped by Jake Allen without a rebound.
0:16 of 3rd period - David Krejci wins face-off versus Leon Draisaitl in Avalanche zone.
0:45 of 3rd period - Shot by Ryan Spooner.
0:45 of 3rd period - Stopped by Jake Allen without a rebound.
0:46 of 3rd period - Patrice Bergeron wins face-off versus Martin Hanzal in Avalanche zone.
1:01 of 3rd period - Shot by Alexander Steen.
1:01 of 3rd period - Shot Blocked by P.K. Subban.
2:42 of 3rd period - Icing by David Krejci.
2:43 of 3rd period - Andrew Copp wins face-off versus David Krejci in Avalanche zone.
2:50 of 3rd period - Shot by Shea Weber.
2:50 of 3rd period - Stopped by Jake Allen without a rebound.
2:51 of 3rd period - David Krejci wins face-off versus Leon Draisaitl in Avalanche zone.
2:58 of 3rd period - Shot by David Krejci.
2:58 of 3rd period - Shot Misses the Net.
3:00 of 3rd period - Shot by David Krejci.
3:00 of 3rd period - Shot Misses the Net.
3:17 of 3rd period - David Krejci is hit by Noah Hanifin and loses puck.
3:42 of 3rd period - Shot by Martin Hanzal.
3:42 of 3rd period - Stopped by Carey Price without a rebound.
3:43 of 3rd period - Martin Hanzal wins face-off versus Patrice Bergeron in Bruins zone.
3:51 of 3rd period - Minor Penalty to Deryk Engelland for Holding.
3:52 of 3rd period - Matt Cullen wins face-off versus Corey Perry in Avalanche zone.
3:52 of 3rd period - Matt Cullen is hit by Andrew Ladd.
4:16 of 3rd period - Shot by Shea Weber.
4:16 of 3rd period - Deflect By Patrice Bergeron.
4:16 of 3rd period - Stopped by Jake Allen without a rebound.
4:17 of 3rd period - Patrice Bergeron wins face-off versus Matt Cullen in Avalanche zone.
4:22 of 3rd period - Shot by Torey Krug.
4:22 of 3rd period - Stopped by Jake Allen without a rebound.
4:23 of 3rd period - Leon Draisaitl wins face-off versus Alexandre Burrows in Avalanche zone.
4:30 of 3rd period - Shot by Leon Draisaitl.
4:30 of 3rd period - Stopped by Jake Allen without a rebound.
4:31 of 3rd period - Matt Cullen wins face-off versus Patrice Bergeron in Avalanche zone.
4:31 of 3rd period - Matt Cullen is hit by Andrew Ladd.
4:41 of 3rd period - Shot by Patrice Bergeron.
4:41 of 3rd period - Shot Misses the Net.
4:43 of 3rd period - Shot by Patrice Bergeron.
4:43 of 3rd period - Stopped by Jake Allen with a rebound.
4:45 of 3rd period - Shot by Patrice Bergeron.
4:45 of 3rd period - Stopped by Jake Allen without a rebound.
4:46 of 3rd period - Matt Cullen wins face-off versus Leon Draisaitl in Avalanche zone.
4:52 of 3rd period - Icing by Torey Krug.
4:53 of 3rd period - Leon Draisaitl wins face-off versus Matt Cullen in Bruins zone.
5:14 of 3rd period - Shot by Leon Draisaitl.
5:14 of 3rd period - Stopped by Jake Allen without a rebound.
5:15 of 3rd period - Patrice Bergeron wins face-off versus Derek Stepan in Avalanche zone.
6:40 of 3rd period - Minor Penalty to Torey Krug for High sticking.
6:41 of 3rd period - Patrice Bergeron wins face-off versus Mitch Marner in Bruins zone.
7:09 of 3rd period - Shot by Jaccob Slavin.
7:09 of 3rd period - Stopped by Carey Price with a rebound.
8:05 of 3rd period - Shot by Kevin Shattenkirk.
8:05 of 3rd period - Shot Misses the Net.
8:07 of 3rd period - Shot by Derek Stepan.
8:07 of 3rd period - Shot Misses the Net.
8:09 of 3rd period - Shot by Jaccob Slavin.
8:09 of 3rd period - Stopped by Carey Price without a rebound.
8:10 of 3rd period - David Krejci wins face-off versus Corey Perry in Bruins zone.
8:18 of 3rd period - Shot by Mats Zuccarello.
8:18 of 3rd period - Shot Misses the Net.
8:20 of 3rd period - Shot by David Krejci.
8:20 of 3rd period - Stopped by Carey Price without a rebound.
8:21 of 3rd period - Martin Hanzal wins face-off versus Corey Perry in Bruins zone.
9:09 of 3rd period - Icing by Shea Weber.
9:10 of 3rd period - David Krejci wins face-off versus Carl Soderberg in Bruins zone.
9:21 of 3rd period - Shot by Jake Guentzel.
9:21 of 3rd period - Stopped by Jake Allen without a rebound.
9:22 of 3rd period - Martin Hanzal wins face-off versus Patrice Bergeron in Avalanche zone.
9:39 of 3rd period - Shot by Mitch Marner.
9:39 of 3rd period - Stopped by Carey Price with a rebound.
9:51 of 3rd period - Alexander Steen is hit by Corey Perry and loses puck.
10:59 of 3rd period - Icing by Zach Werenski.
11:00 of 3rd period - Carl Soderberg wins face-off versus Martin Hanzal in Avalanche zone.
11:21 of 3rd period - P.K. Subban is hit by Martin Hanzal and loses puck.
12:49 of 3rd period - Shot by Corey Perry.
12:49 of 3rd period - Shot Blocked by Sami Vatanen.
13:27 of 3rd period - Jake Muzzin is hit by Alexandre Burrows and loses puck.
13:44 of 3rd period - Andrew Ladd is hit by David Krejci.
14:40 of 3rd period - Shot by Tomas Hertl.
14:40 of 3rd period - Shot Misses the Net.
14:42 of 3rd period - Shot by Derek Stepan.
14:42 of 3rd period - Shot Misses the Net.
16:07 of 3rd period - Icing by Shea Weber.
16:08 of 3rd period - Matt Cullen wins face-off versus Ryan Spooner in Bruins zone.
16:08 of 3rd period - Matt Cullen is hit by Greg Pateryn.
16:22 of 3rd period - Shot by Derek Stepan.
16:22 of 3rd period - Shot Misses the Net.
16:47 of 3rd period - Derek Stepan is hit by P.K. Subban and loses puck.
17:00 of 3rd period - Brandon Carlo is hit by P.K. Subban and loses puck.
17:14 of 3rd period - P.K. Subban is hit by Sami Vatanen and loses puck.
17:27 of 3rd period - Shot by Max Domi.
17:27 of 3rd period - Stopped by Carey Price without a rebound.
17:28 of 3rd period - Tomas Hertl wins face-off versus Jake Guentzel in Bruins zone.
17:41 of 3rd period - Shot by Jake Guentzel.
17:41 of 3rd period - Stopped by Jake Allen without a rebound.
17:42 of 3rd period - Martin Hanzal wins face-off versus Andrew Copp in Avalanche zone.
17:57 of 3rd period - Shot by Patrice Bergeron.
17:57 of 3rd period - Shot Misses the Net.
18:42 of 3rd period - Sami Vatanen is hit by Noah Hanifin and loses puck.
18:54 of 3rd period - Icing by Mark Streit.
18:55 of 3rd period - Carl Soderberg wins face-off versus David Krejci in Bruins zone.
19:12 of 3rd period - Shot by David Krejci.
19:12 of 3rd period - Stopped by Carey Price without a rebound.
19:13 of 3rd period - Matt Cullen wins face-off versus Patrice Bergeron in Bruins zone.
19:27 of 3rd period - Icing by Jake Muzzin.
19:28 of 3rd period - David Krejci wins face-off versus Patrice Bergeron in Bruins zone.
19:33 of 3rd period - Shot by Sami Vatanen.
19:33 of 3rd period - Shot Blocked by Jake Muzzin.
19:47 of 3rd period - Shot by Patrice Bergeron.
19:47 of 3rd period - Shot Misses the Net.
19:49 of 3rd period - Shot by Corey Perry.
19:49 of 3rd period - Shot Misses the Net.
19:51 of 3rd period - Shot by Jake Muzzin.
19:51 of 3rd period - Shot Blocked by Sami Vatanen.
19:53 of 3rd period - Shot by Patrice Bergeron.
19:53 of 3rd period - Goal by Patrice Bergeron - Avalanche : 1 - Bruins : 2.
19:54 of 3rd period - David Krejci wins face-off versus Corey Perry in neutral zone.
Goals for this period are 0 for Avalanche vs 1 for Bruins.
Shots for this period are 7 for Avalanche vs 12 for Bruins.